cohdb
Replays
Latest Replays
All Replays
Popular Replays
Top Player Replays
Match Explorer
How It Works
Community
CoH3 Stats
Reddit
Sign in to upload your games and track your stats! →
Sign in with Steam
Match 42799692
Unlisted
Match 42799692
Overview
Messages
Build Orders
End
Kradschützen Motorcycle Team
Selects Panzerjäger Kommand Battlegroup
Selects Mine Fields
Panzergrenadier Squad
250 Light Carrier
Panzergrenadier Squad
Construct Light Support Kompanie
Fire Support Elements
MG34 Team
Selects Tank Busters
Panzerjäger Mechanized Group
Flakvierling Half-track
Construct Panzerarmee Kommand
Selects Defensive Positions
2.5-tonne Medical Truck
Veteran Squad Leaders
Selects Butterfly Bomb Drop
Butterfly Bomb Drop
Armored Reserves
Panzergrenadier Squad
Butterfly Bomb Drop
Panzer IV Assault Group
Butterfly Bomb Drop
Dominik
beniu
TypekRobcik
TypekSitekSR
0
0
Comments
sign in to comment!
No comments posted yet!